 Dungeon Crawl Stone Soup version 0.24.0-29-g8ce449bc06 (webtiles) character file.

Game seed: 7665313744265976327, levelgen mode: deterministic

116 Flortec the Shield-Bearer (level 5, -1/42 HPs)
             Began as a Formicid Fighter on Nov 14, 2019.
             Slain by a gnoll
             ... wielding a +0 halberd
              (9 damage)
             ... on level 3 of the Dungeon.
             The game lasted 00:10:55 (2088 turns).

Flortec the Shield-Bearer (Formicid Fighter)        Turns: 2088, Time: 00:10:55

Health: -1/42      AC:  5    Str: 23    XL:     5   Next: 21%
Magic:  5/5        EV:  6    Int:  8    God:
Gold:   81         SH: 10    Dex: 10    Spells: 4/4 levels left

rFire    . . .     SeeInvis +   i - +2 flail (protect)
rCold    . . .     Gourm    .   c - +0 shield
rNeg     . . .     Faith    .   n - +0 chain mail
rPois    .         Spirit   .   (helmet unavailable)
rElec    .         Reflect  .   (no cloak)
rCorr    .         Harm     .   (no gloves)
MR       .....                  (no boots)
Stlth    ..........             (no amulet)
HPRegen  0.14/turn              (no ring)
MPRegen  0.09/turn              (no ring)

@: lightly drained
A: permanent stasis, dig shafts and tunnels, four strong arms, antennae 3,
deformed body, strong 1
a: Dig, Shaft Self


You were on level 3 of the Dungeon.
You were hungry.

You visited 1 branch of the dungeon, and saw 3 of its levels.

You collected 81 gold pieces.

Inventory:

Hand Weapons
 a - a +0 war axe
 g - a +0 hand axe
 i - a +2 flail of protection (weapon)
 r - a +2 quarterstaff of chaos
 s - a +0 mace
Missiles
 j - 161 stones (quivered)
 t - 6 javelins
Armour
 b - a +0 scale mail
 c - a +0 shield (worn)
 n - a +0 chain mail (worn)
 p - a +0 chain mail
Jewellery
 o - an uncursed ring of wizardry
Scrolls
 e - 4 scrolls of identify
 l - a scroll of amnesia
 m - a scroll of remove curse
 q - a scroll of magic mapping {unknown}
Potions
 d - a potion of flight {unknown}
 h - a potion of lignification
 k - a potion of mutation
 u - a potion of magic {unknown}
Comestibles
 f - 2 rations


   Skills:
 + Level 3.8(3.7) Fighting
 + Level 3.0(2.9) Axes
 + Level 0.3(1.8) Maces & Flails
 + Level 3.9(3.8) Armour
 + Level 0.8(0.7) Dodging
 + Level 4.7(4.6) Shields


You had 4 spell levels left.
You didn't know any spells.
Your spell library was empty.

Dungeon Overview and Level Annotations

Branches:
Dungeon (3/15)

Altars:
Cheibriados


Innate Abilities, Weirdness & Mutations

You cannot be hasted, slowed, berserked, paralysed or teleported.
You can dig through walls and to a lower floor.
Your four strong arms can wield two-handed weapons with a shield.
You have a pair of large antennae on your head. (SInv)
Armour fits poorly on your strangely shaped body.
Your muscles are strong. (Str +2)


Message History

The gnoll hits you but does no damage. x2
You closely miss the gnoll.
The gnoll is moderately wounded.
The gnoll closely misses you. You block the gnoll's attack.
You hit the gnoll.
The gnoll is almost dead.
The gnoll hits you but does no damage. The gnoll hits you with a +0 halberd.
* * * LOW HITPOINT WARNING * * *
The gnoll hits you but does no damage.
The gnoll hits you from afar with a +0 halberd!
* * * LOW HITPOINT WARNING * * *
You are feeling hungry.
Throwing (i - inventory. (/) - cycle)
j - 162 stones (quivered)
Press: ? - help, Shift-Dir - straight line, f - gnoll
Aim: a gnoll, wielding a +0 halberd (severely wounded)
You throw a stone. The stone hits the gnoll.
The gnoll is almost dead.
You block the gnoll's attack.
The gnoll hits you from afar with a +0 halberd!
You die...

#####
######...#################
..........................#
#####.......#############.#
###......{..##### #.#
...........[....# #.#
####.......).###.# ##.##
#.....>.....##
#@#######...# .##...(....#
#..gr.oog.#.# #...†....#
#########...#
##.......#############.##
####.......##..........{.#
............##.##########{#
########....##.### #.#
#..#..)....# #.#
#.##..##.#.# #.#


You could see 2 gnolls, 2 orcs and a quokka.

Vanquished Creatures
  Crazy Yiuf (D:2)
  Terence (D:2)
  2 oozes
  2 worms
  2 dart slugs
  A leopard gecko (D:3)
  An orc (D:3)
  5 bats
  A giant cockroach (D:2)
  3 goblins
  3 hobgoblins
  7 jackals
  A quokka (D:3)
  5 frilled lizards
  4 kobolds
  6 rats
45 creatures vanquished.

Notes
Turn   | Place    | Note
-------+----------+-------------------------------------------
     0 | D:1      | Flortec the Formicid Fighter began the quest for the Orb.
     0 | D:1      | Reached XP level 1. HP: 18/18 MP: 1/1
   111 | D:1      | Reached XP level 2. HP: 24/24 MP: 2/2
   778 | D:2      | Reached XP level 3. HP: 29/29 MP: 3/3
   780 | D:2      | Gained mutation: Armour fits poorly on your strangely
                  | shaped body. [potion of mutation]
   780 | D:2      | Gained mutation: Your muscles are strong. (Str +2) [potion
                  | of mutation]
   830 | D:2      | Found a snail-covered altar of Cheibriados.
   918 | D:2      | Found a runed translucent door.
   919 | D:2      | Noticed Crazy Yiuf
  1325 | D:2      | Reached XP level 4. HP: 37/37 MP: 4/4
  1465 | D:2      | Reached skill level 4 in Shields
  1514 | D:2      | Noticed Terence
  1535 | D:2      | Killed Terence
  1772 | D:2      | Killed Crazy Yiuf
  1772 | D:2      | Reached XP level 5. HP: 24/42 MP: 5/5
  2088 | D:3      | Slain by a gnoll

Levels and vault maps discovered:
D:1:      onia_arrival_mini_maze_b, layout_basic, minmay_misc_feat_nine_boxes
D:2:      minmay_general_purpose_star, layout_loops_ring, serial_bayou_pond_d,
          kennysheep_slug_shrine, uniq_crazy_yiuf_cottage, uniq_terence
D:3:      layout_loops_ring

Skill      XL: |  1  2  3  4 |
---------------+-------------+-----
Shields        | 4 |  4.7
Axes           | 3 |  3.0
Fighting       | |  3.8
Maces & Flails | |  0.3
Armour         | |  3.9
Dodging        | |  0.8

Action                   |  1- 3 |  4- 6 || total
-------------------------+-------+-------++-------
Melee: War axe           |    75 |    16 ||    91
       Flail             |       |    36 ||    36
Throw: Stone             |     2 |     1 ||     3
  Use: Scroll            |     5 |     1 ||     6
       Potion            |     2 |     2 ||     4
  Eat: Ration            |     1 |       ||     1
Armor: Scale mail        |    43 |       ||    43
       Chain mail        |     1 |    31 ||    32
Dodge: Dodged            |    44 |    22 ||    66
Block: Shield            |    48 |    36 ||    84
